| Goals | Penalties |
No Goal
|
No Penalty
|
1. Hershey Bears , Alex Barre-Boulet 10 (Lukas Reichel 26) at 5:36
2. Hershey Bears , Matej Blumel 9 (Fredrik Olofsson 19, Kevin Rooney 17) at 15:51
|
Jeffrey Viel (WAS) for Fighting (Major) at 1:10 Alec Regula (TOR) for Fighting (Major) at 1:10 Fredrik Olofsson (WAS) for High sticking (Minor) at 17:36
|
3. Hershey Bears , Brendan Gaunce 11 (Landon Slaggert 6, Jonas Rondbjerg 10) at 3:23
4. Marlies , Martin Frk 9 (Ronnie Attard 23, Nikita Alexandrov 27) at 3:37
5. Hershey Bears , A.J. Greer 19 (Lukas Reichel 27) at 5:40
|
Alec Regula (TOR) for Roughing (Minor) at 10:48 Arber Xhekaj (WAS) for High sticking (Minor) at 19:24
|
|
Jiri Patera (TOR), 32 saves from 36 shots - (0,889), L, 16-9-3, 60:00 minutes
Kevin Lankinen (WAS), 36 saves from 37 shots - (0,973), W, 34-10-5, 60:00 minutes
|
|
1 - Kevin Lankinen (WAS)
2 - Brendan Gaunce (WAS)
3 - Alex Barre-Boulet (WAS)
|
Referees : Kendrick Nicholson and Graham Skilliter
Linesman : Caleb Apperson and Derek Nansen
|
|
Alec Regula beats up Jeffrey Viel at 1:10 of 2nd period
|
| Team Name |
Goals |
Shots |
Shots Attemp |
Shots Blocked |
PIM |
HIT |
PP |
PK |
FO% |
| Marlies |
1 | 37 | 75 | 9 | 7 | 17 | 0 / 2 (0%) | 0 | 40% |
| Hershey Bears |
4 | 36 | 69 | 10 | 9 | 26 | 0 / 1 (0%) | 0 | 60% |
Marlies
| Player Name |
POS |
G |
A |
P |
+/- |
PIM |
HIT |
SHT |
SB |
MP |
PP MP |
PP SHT |
PK MP |
PK SHT |
FO% |
FOT |
GA |
TA |
| Alec Regula | D | 0 | 0 | 0 | -1 | 7 | 1 | 0 | 2 | 19:31 | 1:17 | 0 | 0:00 | 0 | 0% |
0 | 0 | 0 |
| Brad Richardson | C | 0 | 0 | 0 | 0 | 0 | 2 | 1 | 0 | 11:26 | 0:00 | 0 | 0:57 | 0 | 56% |
9 | 0 | 1 |
| Brett Seney | C/LW | 0 | 0 | 0 | 0 | 0 | 0 | 4 | 0 | 11:30 | 0:09 | 0 | 0:39 | 0 | 0% |
0 | 1 | 1 |
| Dillon Heatherington | D | 0 | 0 | 0 | 0 | 0 | 1 | 1 | 2 | 21:49 | 0:09 | 0 | 1:01 | 0 | 0% |
0 | 0 | 1 |
| Dominic Toninato | C | 0 | 0 | 0 | -1 | 0 | 1 | 1 | 0 | 13:18 | 0:00 | 0 | 0:23 | 0 | 36% |
11 | 0 | 1 |
| Filip Cederqvist | LW/RW | 0 | 0 | 0 | 0 | 0 | 1 | 0 | 0 | 10:29 | 0:00 | 0 | 0:00 | 0 | 0% |
1 | 0 | 0 |
| Greg McKegg | C/LW | 0 | 0 | 0 | -1 | 0 | 2 | 0 | 0 | 13:40 | 0:09 | 0 | 0:23 | 0 | 0% |
1 | 0 | 1 |
| Jake Lucchini | C/LW/RW | 0 | 0 | 0 | -2 | 0 | 0 | 5 | 0 | 17:31 | 1:06 | 0 | 0:39 | 0 | 0% |
0 | 0 | 1 |
| Jonah Gadjovich | LW/RW | 0 | 0 | 0 | -1 | 0 | 2 | 0 | 0 | 14:14 | 1:19 | 0 | 0:00 | 0 | 0% |
0 | 0 | 0 |
| Joseph Duszak | D | 0 | 0 | 0 | 0 | 0 | 0 | 1 | 2 | 20:41 | 1:08 | 0 | 0:58 | 0 | 0% |
0 | 0 | 0 |
| Jujhar Khaira | C/LW | 0 | 0 | 0 | -2 | 0 | 1 | 2 | 0 | 16:52 | 1:06 | 0 | 0:00 | 0 | 33% |
15 | 0 | 1 |
| Lassi Thomson | D | 0 | 0 | 0 | -2 | 0 | 0 | 2 | 0 | 18:21 | 1:04 | 0 | 0:00 | 0 | 0% |
0 | 0 | 1 |
| Martin Frk | RW | 1 | 0 | 1 | 0 | 0 | 2 | 8 | 0 | 16:26 | 0:09 | 0 | 0:00 | 0 | 0% |
1 | 1 | 0 |
| Nikita Alexandrov | C | 0 | 1 | 1 | 0 | 0 | 0 | 1 | 1 | 17:23 | 1:19 | 0 | 0:00 | 0 | 44% |
27 | 1 | 0 |
| Patrick Brown | C/RW | 0 | 0 | 0 | -2 | 0 | 2 | 2 | 0 | 16:52 | 1:06 | 0 | 0:00 | 0 | 0% |
0 | 0 | 0 |
| Ronnie Attard | D | 0 | 1 | 1 | -1 | 0 | 0 | 2 | 1 | 22:03 | 1:30 | 0 | 0:58 | 0 | 0% |
0 | 0 | 0 |
| Saku Maenalanen | LW/RW | 0 | 0 | 0 | 0 | 0 | 1 | 5 | 0 | 18:20 | 1:19 | 0 | 0:57 | 0 | 0% |
0 | 2 | 0 |
| Tommy Miller | D | 0 | 0 | 0 | -2 | 0 | 1 | 2 | 1 | 17:33 | 0:00 | 0 | 1:01 | 0 | 0% |
0 | 0 | 1 |
Hershey Bears
| Player Name |
POS |
G |
A |
P |
+/- |
PIM |
HIT |
SHT |
SB |
MP |
PP MP |
PP SHT |
PK MP |
PK SHT |
FO% |
FOT |
GA |
TA |
| A.J. Greer | LW/RW | 1 | 0 | 1 | 1 | 0 | 0 | 4 | 0 | 19:48 | 1:04 | 0 | 1:23 | 0 | 50% |
2 | 1 | 1 |
| Alex Barre-Boulet | C/LW/RW | 1 | 0 | 1 | 1 | 0 | 2 | 2 | 0 | 19:15 | 1:04 | 0 | 1:06 | 0 | 65% |
31 | 0 | 0 |
| Arber Xhekaj | D | 0 | 0 | 0 | 3 | 2 | 4 | 1 | 1 | 22:41 | 1:07 | 0 | 0:58 | 0 | 0% |
0 | 0 | 0 |
| Brendan Gaunce | C/LW | 1 | 0 | 1 | 1 | 0 | 3 | 2 | 0 | 15:01 | 0:01 | 0 | 0:47 | 0 | 43% |
7 | 1 | 0 |
| Cole McWard | D | 0 | 0 | 0 | 0 | 0 | 1 | 0 | 2 | 16:26 | 0:00 | 0 | 0:00 | 0 | 0% |
0 | 0 | 0 |
| Fredrik Olofsson | C/LW | 0 | 1 | 1 | 1 | 2 | 2 | 4 | 1 | 16:28 | 0:54 | 0 | 0:12 | 0 | 0% |
0 | 1 | 0 |
| Gerry Mayhew | C | 0 | 0 | 0 | 0 | 0 | 1 | 1 | 0 | 9:02 | 0:00 | 0 | 0:00 | 0 | 100% |
2 | 1 | 0 |
| Jeffrey Viel | LW | 0 | 0 | 0 | 0 | 5 | 1 | 1 | 0 | 8:36 | 0:00 | 0 | 0:00 | 0 | 0% |
0 | 0 | 0 |
| Jonas Rondbjerg | LW/RW | 0 | 1 | 1 | 1 | 0 | 1 | 2 | 0 | 13:58 | 0:01 | 0 | 0:00 | 0 | 100% |
1 | 1 | 0 |
| Kaedan Korczak | D | 0 | 0 | 0 | 0 | 0 | 1 | 1 | 2 | 20:44 | 0:52 | 0 | 1:36 | 0 | 0% |
0 | 0 | 0 |
| Kevin Rooney | C | 0 | 1 | 1 | 1 | 0 | 1 | 5 | 0 | 17:25 | 0:54 | 0 | 1:24 | 0 | 56% |
18 | 0 | 0 |
| Landon Slaggert | LW | 0 | 1 | 1 | 1 | 0 | 3 | 0 | 1 | 14:14 | 0:01 | 0 | 0:16 | 0 | 0% |
1 | 2 | 1 |
| Louis Crevier | D | 0 | 0 | 0 | 0 | 0 | 1 | 0 | 0 | 19:30 | 0:00 | 0 | 1:01 | 0 | 0% |
0 | 0 | 1 |
| Lukas Reichel | C/LW/RW | 0 | 2 | 2 | 1 | 0 | 0 | 5 | 0 | 18:34 | 1:04 | 0 | 0:00 | 0 | 100% |
1 | 2 | 0 |
| Matej Blumel | LW | 1 | 0 | 1 | 1 | 0 | 1 | 2 | 1 | 16:01 | 0:54 | 0 | 0:00 | 0 | 50% |
2 | 0 | 1 |
| Michael Kesselring | D | 0 | 0 | 0 | 3 | 0 | 0 | 2 | 0 | 23:25 | 1:07 | 0 | 1:33 | 0 | 0% |
0 | 0 | 1 |
| Sean Farrell | LW/RW | 0 | 0 | 0 | 0 | 0 | 2 | 3 | 1 | 9:02 | 0:00 | 0 | 0:00 | 0 | 0% |
0 | 0 | 0 |
| Vincent Lorio | D | 0 | 0 | 0 | 0 | 0 | 2 | 1 | 1 | 17:13 | 0:52 | 0 | 0:00 | 0 | 0% |
0 | 0 | 0 |
Marlies
| 5 vs 5 Forward |
|---|
| Line # | Left Wing | Center | Right Wing | PHY | DF | OF | Wanted % | Time % | Time Play |
| 1 | Saku Maenalanen | Nikita Alexandrov | Martin Frk | 0 | 3 | 2 | 30 | 29% | 16:17
|
| 2 | Jake Lucchini | Jujhar Khaira | Patrick Brown | 0 | 3 | 2 | 28 | 28% | 15:46
|
| 3 | Greg McKegg | Dominic Toninato | Jonah Gadjovich | 0 | 3 | 2 | 23 | 23% | 12:55
|
| 4 | Brett Seney | Brad Richardson | Filip Cederqvist | 0 | 3 | 2 | 19 | 19% | 10:29
|
| 5 vs 5 Defense |
|---|
| Line # | Defense | Defense | | PHY | DF | OF | Wanted % | Time % | Time Play |
| 1 | Ronnie Attard | Alec Regula | | 1 | 3 | 1 | 36 | 36% | 19:52
|
| 2 | Joseph Duszak | Dillon Heatherington | | 1 | 3 | 1 | 34 | 33% | 18:28
|
| 3 | Lassi Thomson | Tommy Miller | | 1 | 3 | 1 | 30 | 31% | 17:07
|
| 4 | Ronnie Attard | Alec Regula | | 1 | 2 | 2 | 0 | 0% | 0:00
|
| Power Play Forward |
|---|
| Line # | Left Wing | Center | Right Wing | PHY | DF | OF | Wanted % | Time % | Time Play |
| 1 | Saku Maenalanen | Nikita Alexandrov | Jonah Gadjovich | 1 | 1 | 3 | 60 | 57% | 1:28
|
| 2 | Jake Lucchini | Jujhar Khaira | Patrick Brown | 1 | 1 | 3 | 40 | 43% | 1:06
|
| Power Play Defense |
|---|
| Line # | Defense | Defense | | PHY | DF | OF | Wanted % | Time % | Time Play |
| 1 | Ronnie Attard | Joseph Duszak | | 1 | 2 | 2 | 60 | 58% | 1:30
|
| 2 | Alec Regula | Lassi Thomson | | 1 | 2 | 2 | 40 | 42% | 1:04
|
| Penalty Kill 4 Players Forward |
|---|
| Line # | Center | Wing | PHY | DF | OF | Wanted % | Time % | Time Play |
| 1 | Brad Richardson | Saku Maenalanen | 0 | 3 | 2 | 60 | 81% | 1:36
|
| 2 | Dominic Toninato | Greg McKegg | 1 | 3 | 1 | 40 | 19% | 0:23
|
| Penalty Kill 4 Players Defense |
|---|
| Line # | Defense | Defense | PHY | DF | OF | Wanted % | Time % | Time Play |
| 1 | Ronnie Attard | Alec Regula | 0 | 4 | 1 | 60 | 49% | 0:58
|
| 2 | Tommy Miller | Dillon Heatherington | 0 | 4 | 1 | 40 | 51% | 1:01
|
| Penalty Kill 3 Players |
|---|
| Line # | Wing | PHY | DF | OF | Wanted % | Time % | Time Play | Defense | Defense | PHY | DF | OF | Wanted % | Time % | Time Play |
| 1 | Nikita Alexandrov | 0 | 4 | 1 | 60 | 0% | 0:00
| Ronnie Attard | Alec Regula | 0 | 5 | 0 | 60 | 0% | 0:00
|
| 2 | Brad Richardson | 0 | 4 | 1 | 40 | 0% | 0:00
| Tommy Miller | Dillon Heatherington | 0 | 5 | 0 | 40 | 0% | 0:00
|
| 4 vs 4 Forward |
|---|
| Line # | Center | Wing | PHY | DF | OF | Wanted % | Time % | Time Play |
| 1 | Nikita Alexandrov | Jonah Gadjovich | 1 | 2 | 2 | 60 | 0% | 0:00
|
| 2 | Dominic Toninato | Greg McKegg | 1 | 2 | 2 | 40 | 0% | 0:00
|
| 4 vs 4 Defense |
|---|
| Line # | Defense | | PHY | DF | OF | Wanted % | Time % | Time Play |
| 1 | Ronnie Attard | Alec Regula | 1 | 2 | 2 | 60 | 0% | 0:00
|
| 2 | Joseph Duszak | Dillon Heatherington | 1 | 2 | 2 | 40 | 0% | 0:00
|
| Last Minutes Offensive |
|---|
| Left Wing | Center | Right Wing | Defense | Defense |
| Saku Maenalanen | Nikita Alexandrov | Jonah Gadjovich | Ronnie Attard | Joseph Duszak |
| Last Minutes Defensive |
|---|
| Left Wing | Center | Right Wing | Defense | Defense |
| Jake Lucchini | Jujhar Khaira | Saku Maenalanen | Ronnie Attard | Alec Regula |
| Time |
|---|
| Total Forward | Total Defense | Last Minutes Offensive | Last Minutes Defensive |
| 60:00 |
60:00 |
0:00 | 0:00 |
| Extra Forwards |
|---|
| Normal | PowerPlay | Penalty Kill |
|
Nikita Alexandrov, Jonah Gadjovich, Saku Maenalanen | Nikita Alexandrov, Saku Maenalanen | Saku Maenalanen |
| Extra Defensemen |
|---|
| Normal | PowerPlay | Penalty Kill |
|
Alec Regula, Ronnie Attard, Dillon Heatherington | Ronnie Attard, Ronnie Attard | Alec Regula |
| Penalty Shots |
|---|
|
Nikita Alexandrov, Jonah Gadjovich, Jake Lucchini, Saku Maenalanen, Martin Frk |
| Goalie |
|---|
| Jiri Patera, Arturs Silovs |
| Scratches |
|---|
|
C.J. Smith (Healthy), Andy Welinski (Healthy), Carsen Twarynski (Healthy), Jermaine Loewen (Healthy), William Wallinder (Healthy)
Brett Sutter (Healthy), Michael Vukojevic (Healthy), Ryan Merkley (Healthy), Nick Albano (Healthy), Sean Josling (Healthy)
Jaydon Dureau (Healthy), Nolan Yaremko (Healthy), Ty Glover (Healthy), Tyson Feist (Healthy), Ville Koivunen (Healthy)
Ales Stezka (Healthy), Magnus Chrona (Healthy), Joel Blomqvist (Healthy), Victor Brattstrom (Healthy) |
Hershey Bears
| 5 vs 5 Forward |
|---|
| Line # | Left Wing | Center | Right Wing | PHY | DF | OF | Wanted % | Time % | Time Play |
| 1 | Lukas Reichel | Alex Barre-Boulet | A.J. Greer | 1 | 2 | 2 | 33 | 31% | 17:05
|
| 2 | Fredrik Olofsson | Kevin Rooney | Matej Blumel | 1 | 2 | 2 | 30 | 28% | 15:41
|
| 3 | Landon Slaggert | Brendan Gaunce | Jonas Rondbjerg | 1 | 2 | 2 | 26 | 25% | 13:39
|
| 4 | Jeffrey Viel | Gerry Mayhew | Sean Farrell | 1 | 2 | 2 | 11 | 16% | 9:02
|
| 5 vs 5 Defense |
|---|
| Line # | Defense | Defense | | PHY | DF | OF | Wanted % | Time % | Time Play |
| 1 | Arber Xhekaj | Michael Kesselring | | 1 | 2 | 2 | 37 | 36% | 20:06
|
| 2 | Louis Crevier | Kaedan Korczak | | 1 | 2 | 2 | 34 | 34% | 18:47
|
| 3 | Cole McWard | Vincent Lorio | | 1 | 2 | 2 | 29 | 30% | 16:26
|
| 4 | Arber Xhekaj | Michael Kesselring | | 1 | 2 | 2 | 0 | 0% | 0:08
|
| Power Play Forward |
|---|
| Line # | Left Wing | Center | Right Wing | PHY | DF | OF | Wanted % | Time % | Time Play |
| 1 | A.J. Greer | Alex Barre-Boulet | Lukas Reichel | 0 | 1 | 4 | 54 | 54% | 1:04
|
| 2 | Matej Blumel | Kevin Rooney | Fredrik Olofsson | 1 | 1 | 3 | 46 | 46% | 0:55
|
| Power Play Defense |
|---|
| Line # | Defense | Defense | | PHY | DF | OF | Wanted % | Time % | Time Play |
| 1 | Arber Xhekaj | Michael Kesselring | | 0 | 1 | 4 | 54 | 56% | 1:07
|
| 2 | Vincent Lorio | Kaedan Korczak | | 0 | 1 | 4 | 46 | 44% | 0:52
|
| Penalty Kill 4 Players Forward |
|---|
| Line # | Center | Wing | PHY | DF | OF | Wanted % | Time % | Time Play |
| 1 | Kevin Rooney | A.J. Greer | 1 | 3 | 1 | 52 | 44% | 1:08
|
| 2 | Alex Barre-Boulet | Fredrik Olofsson | 1 | 3 | 1 | 48 | 56% | 1:26
|
| Penalty Kill 4 Players Defense |
|---|
| Line # | Defense | Defense | PHY | DF | OF | Wanted % | Time % | Time Play |
| 1 | Arber Xhekaj | Michael Kesselring | 1 | 4 | 0 | 52 | 60% | 1:33
|
| 2 | Louis Crevier | Kaedan Korczak | 1 | 4 | 0 | 48 | 40% | 1:01
|
| Penalty Kill 3 Players |
|---|
| Line # | Wing | PHY | DF | OF | Wanted % | Time % | Time Play | Defense | Defense | PHY | DF | OF | Wanted % | Time % | Time Play |
| 1 | Kevin Rooney | 1 | 3 | 1 | 54 | 0% | 0:00
| Michael Kesselring | Arber Xhekaj | 1 | 4 | 0 | 52 | 0% | 0:00
|
| 2 | Alex Barre-Boulet | 1 | 3 | 1 | 46 | 0% | 0:00
| Louis Crevier | Michael Kesselring | 1 | 4 | 0 | 48 | 0% | 0:00
|
| 4 vs 4 Forward |
|---|
| Line # | Center | Wing | PHY | DF | OF | Wanted % | Time % | Time Play |
| 1 | Lukas Reichel | A.J. Greer | 1 | 2 | 2 | 56 | 0% | 0:00
|
| 2 | Alex Barre-Boulet | Fredrik Olofsson | 1 | 2 | 2 | 44 | 0% | 0:00
|
| 4 vs 4 Defense |
|---|
| Line # | Defense | | PHY | DF | OF | Wanted % | Time % | Time Play |
| 1 | Arber Xhekaj | Michael Kesselring | 1 | 2 | 2 | 54 | 0% | 0:00
|
| 2 | Cole McWard | Kaedan Korczak | 1 | 2 | 2 | 46 | 0% | 0:00
|
| Last Minutes Offensive |
|---|
| Left Wing | Center | Right Wing | Defense | Defense |
| Lukas Reichel | Alex Barre-Boulet | A.J. Greer | Arber Xhekaj | Michael Kesselring |
| Last Minutes Defensive |
|---|
| Left Wing | Center | Right Wing | Defense | Defense |
| A.J. Greer | Kevin Rooney | Alex Barre-Boulet | Arber Xhekaj | Michael Kesselring |
| Time |
|---|
| Total Forward | Total Defense | Last Minutes Offensive | Last Minutes Defensive |
| 60:00 |
60:00 |
0:00 | 0:00 |
| Extra Forwards |
|---|
| Normal | PowerPlay | Penalty Kill |
|
Lukas Reichel, Alex Barre-Boulet, A.J. Greer | Lukas Reichel, A.J. Greer | Alex Barre-Boulet |
| Extra Defensemen |
|---|
| Normal | PowerPlay | Penalty Kill |
|
Arber Xhekaj, Michael Kesselring, Kaedan Korczak | Arber Xhekaj, Arber Xhekaj | Michael Kesselring |
| Penalty Shots |
|---|
|
Alex Barre-Boulet, Lukas Reichel, A.J. Greer, Michael Kesselring, Fredrik Olofsson |
| Goalie |
|---|
| Kevin Lankinen, Magnus Hellberg |
| Scratches |
|---|
|
Alex Jefferies (Healthy), Brandon Hickey (Healthy), Cameron Hebig (Healthy), Hunter McDonald (Healthy), Konnor Smith (Healthy)
Gustav Olofsson (Healthy), Riley Kidney (Healthy), Alan Quine (Healthy), Gemel Smith (Healthy), Mackenzie MacEachern (Healthy)
Kyle Olson (Healthy), Mason Primeau (Healthy), Eduards Tralmaks (Healthy), Michael Karow (Healthy), Daniel Torgersson (Healthy)
Elliot Desnoyers (Healthy), Ole Julian Bjorgvik-Holm (Healthy), Kyle Keyser (Healthy), Mack Guzda (Healthy) |
Play-by-Play
1st period
0:01 of 1st period - Nikita Alexandrov wins face-off versus Alex Barre-Boulet in neutral zone.
0:06 of 1st period - Wrist shot by Saku Maenalanen.
0:06 of 1st period - Deflect By Martin Frk.
0:06 of 1st period - Stopped by Kevin Lankinen without a rebound.
0:07 of 1st period - Nikita Alexandrov wins face-off versus Alex Barre-Boulet in Hershey Bears zone.
0:20 of 1st period - Snap shot by Martin Frk.
0:20 of 1st period - Deflect By Saku Maenalanen.
0:20 of 1st period - Stopped by Kevin Lankinen with a rebound.
0:22 of 1st period - Snap shot by Saku Maenalanen.
0:22 of 1st period - Stopped by Kevin Lankinen with a rebound.
1:02 of 1st period - Wrist shot by Brendan Gaunce.
1:02 of 1st period - Shot Misses the Net.
1:17 of 1st period - Slapshot by Kaedan Korczak.
1:17 of 1st period - Shot Blocked by Joseph Duszak.
2:27 of 1st period - Wrist shot by Lukas Reichel.
2:27 of 1st period - Shot Misses the Net.
2:56 of 1st period - Icing by Jeffrey Viel.
2:57 of 1st period - Kevin Rooney wins face-off versus Nikita Alexandrov in Hershey Bears zone.
3:49 of 1st period - Off-side.
3:50 of 1st period - Dominic Toninato wins face-off versus Alex Barre-Boulet in neutral zone.
4:41 of 1st period - Wrist shot by Jake Lucchini.
4:41 of 1st period - Stopped by Kevin Lankinen without a rebound.
4:42 of 1st period - Jujhar Khaira wins face-off versus Alex Barre-Boulet in Hershey Bears zone.
5:09 of 1st period - Kaedan Korczak is hit by Brad Richardson and loses puck.
5:26 of 1st period - Snap shot by Jonas Rondbjerg.
5:26 of 1st period - Shot Misses the Net.
5:36 of 1st period - Lassi Thomson is hit by Brendan Gaunce.
5:52 of 1st period - Snap shot by Nikita Alexandrov.
5:52 of 1st period - Shot Blocked by Vincent Lorio.
5:54 of 1st period - Snap shot by Alec Regula.
5:54 of 1st period - Shot Blocked by Cole McWard.
5:56 of 1st period - Slapshot by Nikita Alexandrov.
5:56 of 1st period - Shot Misses the Net.
6:14 of 1st period - Slapshot by Jake Lucchini.
6:14 of 1st period - Stopped by Kevin Lankinen without a rebound.
6:15 of 1st period - Alex Barre-Boulet wins face-off versus Jujhar Khaira in Hershey Bears zone.
6:22 of 1st period - Snap shot by Michael Kesselring.
6:22 of 1st period - Deflect By Joseph Duszak.
6:22 of 1st period - Stopped by Jiri Patera without a rebound.
6:23 of 1st period - Brad Richardson wins face-off versus Alex Barre-Boulet in Marlies zone.
6:37 of 1st period - Slapshot by A.J. Greer.
6:37 of 1st period - Stopped by Jiri Patera with a rebound.
6:39 of 1st period - Snap shot by A.J. Greer.
6:39 of 1st period - Deflect By Lukas Reichel.
6:39 of 1st period - Shot Misses the Net.
6:39 of 1st period - Puck is out of play.
6:40 of 1st period - Nikita Alexandrov wins face-off versus Kevin Rooney in Marlies zone.
7:18 of 1st period - Icing by Kaedan Korczak.
7:19 of 1st period - Brendan Gaunce wins face-off versus Greg McKegg in Hershey Bears zone.
8:13 of 1st period - Snap shot by Lukas Reichel.
8:13 of 1st period - Shot Blocked by Alec Regula.
8:41 of 1st period - Wrist shot by Kevin Rooney.
8:41 of 1st period - Stopped by Jiri Patera without a rebound.
8:42 of 1st period - Kevin Rooney wins face-off versus Jujhar Khaira in Marlies zone.
8:49 of 1st period - Jake Lucchini is hit by Kevin Rooney and loses puck.
9:08 of 1st period - Patrick Brown is hit by Sean Farrell and loses puck.
9:31 of 1st period - Slapshot by Jake Lucchini.
9:31 of 1st period - Stopped by Kevin Lankinen with a rebound.
9:33 of 1st period - Wrist shot by Patrick Brown.
9:33 of 1st period - Shot Misses the Net.
9:35 of 1st period - Slapshot by Alec Regula.
9:35 of 1st period - Deflect By Patrick Brown.
9:35 of 1st period - Shot Misses the Net.
9:35 of 1st period - Puck is out of play.
9:36 of 1st period - Alex Barre-Boulet wins face-off versus Dominic Toninato in Hershey Bears zone.
9:51 of 1st period - Snap shot by Lukas Reichel.
9:51 of 1st period - Shot Blocked by Alec Regula.
10:01 of 1st period - Greg McKegg is hit by Landon Slaggert and loses puck.
10:06 of 1st period - Slapshot by Arber Xhekaj.
10:06 of 1st period - Deflect By Brendan Gaunce.
10:06 of 1st period - Stopped by Jiri Patera with a rebound.
10:34 of 1st period - Snap shot by Nikita Alexandrov.
10:34 of 1st period - Shot Misses the Net.
11:08 of 1st period - A.J. Greer is hit by Patrick Brown.
11:34 of 1st period - Filip Cederqvist is hit by Cole McWard and loses puck.
11:45 of 1st period - Brad Richardson is hit by Gerry Mayhew.
11:56 of 1st period - Off-side.
11:57 of 1st period - Jujhar Khaira wins face-off versus Kevin Rooney in neutral zone.
12:32 of 1st period - Wrist shot by Martin Frk.
12:32 of 1st period - Stopped by Kevin Lankinen with a rebound.
12:34 of 1st period - Backhand shot by Tommy Miller.
12:34 of 1st period - Stopped by Kevin Lankinen without a rebound.
12:35 of 1st period - Kevin Rooney wins face-off versus Dominic Toninato in Hershey Bears zone.
12:35 of 1st period - Kevin Rooney is hit by Dominic Toninato.
12:50 of 1st period - Off-side.
12:51 of 1st period - Alex Barre-Boulet wins face-off versus Nikita Alexandrov in neutral zone.
12:56 of 1st period - Slapshot by A.J. Greer.
12:56 of 1st period - Shot Misses the Net.
13:26 of 1st period - Greg McKegg is hit by Kaedan Korczak and loses puck.
13:43 of 1st period - Snap shot by Brendan Gaunce.
13:43 of 1st period - Shot Misses the Net.
14:16 of 1st period - Icing by Cole McWard.
14:17 of 1st period - Gerry Mayhew wins face-off versus Nikita Alexandrov in Hershey Bears zone.
14:26 of 1st period - Slapshot by Alex Barre-Boulet.
14:26 of 1st period - Stopped by Jiri Patera with a rebound.
14:28 of 1st period - Slapshot by Cole McWard.
14:28 of 1st period - Deflect By Alex Barre-Boulet.
14:28 of 1st period - Shot Blocked by Nikita Alexandrov.
14:28 of 1st period - Puck is out of play.
14:29 of 1st period - Alex Barre-Boulet wins face-off versus Nikita Alexandrov in Marlies zone.
14:44 of 1st period - Snap shot by A.J. Greer.
14:44 of 1st period - Shot Misses the Net.
14:56 of 1st period - Michael Kesselring is hit by Filip Cederqvist and loses puck.
15:07 of 1st period - Snap shot by Brett Seney.
15:07 of 1st period - Stopped by Kevin Lankinen without a rebound.
15:08 of 1st period - Dominic Toninato wins face-off versus Brendan Gaunce in Hershey Bears zone.
15:35 of 1st period - Wrist shot by Martin Frk.
15:35 of 1st period - Shot Misses the Net.
16:25 of 1st period - Snap shot by Brad Richardson.
16:25 of 1st period - Shot Misses the Net.
16:50 of 1st period - Snap shot by Landon Slaggert.
16:50 of 1st period - Shot Blocked by Dillon Heatherington.
17:10 of 1st period - Wrist shot by Martin Frk.
17:10 of 1st period - Stopped by Kevin Lankinen with a rebound.
17:14 of 1st period - Wrist shot by Nikita Alexandrov.
17:14 of 1st period - Deflect By Saku Maenalanen.
17:14 of 1st period - Stopped by Kevin Lankinen without a rebound.
17:15 of 1st period - Alex Barre-Boulet wins face-off versus Jujhar Khaira in Hershey Bears zone.
17:30 of 1st period - Wrist shot by Lukas Reichel.
17:30 of 1st period - Shot Blocked by Tommy Miller.
17:46 of 1st period - Slapshot by Jujhar Khaira.
17:46 of 1st period - Stopped by Kevin Lankinen with a rebound.
19:09 of 1st period - Dillon Heatherington is hit by Arber Xhekaj and loses puck.
19:16 of 1st period - Greg McKegg is hit by Arber Xhekaj and loses puck.
19:44 of 1st period - Slapshot by Dillon Heatherington.
19:44 of 1st period - Shot Misses the Net.
19:56 of 1st period - Snap shot by Sean Farrell.
19:56 of 1st period - Stopped by Jiri Patera with a rebound.
Goals for this period are 0 for Marlies vs 0 for Hershey Bears.
Shots for this period are 12 for Marlies vs 6 for Hershey Bears.
2nd period
0:01 of 2nd period - Alex Barre-Boulet wins face-off versus Nikita Alexandrov in neutral zone.
0:04 of 2nd period - Wrist shot by Lukas Reichel.
0:04 of 2nd period - Stopped by Jiri Patera with a rebound.
0:33 of 2nd period - Snap shot by Jake Lucchini.
0:33 of 2nd period - Shot Misses the Net.
0:35 of 2nd period - Slapshot by Jujhar Khaira.
0:35 of 2nd period - Shot Blocked by Fredrik Olofsson.
0:37 of 2nd period - Slapshot by Jake Lucchini.
0:37 of 2nd period - Shot Misses the Net.
0:55 of 2nd period - Snap shot by Brett Seney.
0:55 of 2nd period - Stopped by Kevin Lankinen with a rebound.
1:10 of 2nd period - Alec Regula beats up Jeffrey Viel.
1:10 of 2nd period - Penalty to Jeffrey Viel for Fighting.
1:10 of 2nd period - Penalty to Alec Regula for Fighting.
1:11 of 2nd period - Alex Barre-Boulet wins face-off versus Nikita Alexandrov in Marlies zone.
1:12 of 2nd period - Wrist shot by Lukas Reichel.
1:12 of 2nd period - Stopped by Jiri Patera with a rebound.
1:52 of 2nd period - Off-side.
1:53 of 2nd period - Brad Richardson wins face-off versus Kevin Rooney in neutral zone.
2:02 of 2nd period - Wrist shot by Brett Seney.
2:02 of 2nd period - Shot Misses the Net.
2:04 of 2nd period - Slapshot by Tommy Miller.
2:04 of 2nd period - Deflect By Brett Seney.
2:04 of 2nd period - Shot Misses the Net.
2:04 of 2nd period - Puck is out of play.
2:05 of 2nd period - A.J. Greer wins face-off versus Nikita Alexandrov in Hershey Bears zone.
2:23 of 2nd period - A.J. Greer is hit by Dillon Heatherington and loses puck.
2:34 of 2nd period - Snap shot by Kevin Rooney.
2:34 of 2nd period - Stopped by Jiri Patera without a rebound.
2:35 of 2nd period - Kevin Rooney wins face-off versus Jujhar Khaira in Marlies zone.
3:06 of 2nd period - Nikita Alexandrov is hit by Fredrik Olofsson and loses puck.
3:15 of 2nd period - Snap shot by Kevin Rooney.
3:15 of 2nd period - Shot Blocked by Ronnie Attard.
3:17 of 2nd period - Slapshot by Kevin Rooney.
3:17 of 2nd period - Stopped by Jiri Patera without a rebound.
3:18 of 2nd period - Brad Richardson wins face-off versus A.J. Greer in Marlies zone.
3:48 of 2nd period - Arber Xhekaj is hit by Tommy Miller and loses puck.
4:09 of 2nd period - Snap shot by Martin Frk.
4:09 of 2nd period - Stopped by Kevin Lankinen without a rebound.
4:10 of 2nd period - Kevin Rooney wins face-off versus Brad Richardson in Hershey Bears zone.
5:01 of 2nd period - Snap shot by Lukas Reichel.
5:01 of 2nd period - Stopped by Jiri Patera with a rebound.
5:04 of 2nd period - Icing by Saku Maenalanen.
5:05 of 2nd period - Kevin Rooney wins face-off versus Nikita Alexandrov in Marlies zone.
5:34 of 2nd period - Wrist shot by Lukas Reichel.
5:34 of 2nd period - Shot Misses the Net.
5:36 of 2nd period - Wrist shot by Alex Barre-Boulet.
5:36 of 2nd period - Goal by Alex Barre-Boulet - Marlies : 0 - Hershey Bears : 1.
5:37 of 2nd period - Brad Richardson wins face-off versus Alex Barre-Boulet in neutral zone.
6:26 of 2nd period - Martin Frk is hit by Fredrik Olofsson and loses puck.
6:33 of 2nd period - Snap shot by Fredrik Olofsson.
6:33 of 2nd period - Stopped by Jiri Patera with a rebound.
6:35 of 2nd period - Wrist shot by Kevin Rooney.
6:35 of 2nd period - Stopped by Jiri Patera with a rebound.
6:49 of 2nd period - Snap shot by Jonah Gadjovich.
6:49 of 2nd period - Shot Misses the Net.
7:10 of 2nd period - Wrist shot by Lukas Reichel.
7:10 of 2nd period - Shot Misses the Net.
7:14 of 2nd period - Wrist shot by Lukas Reichel.
7:14 of 2nd period - Shot Misses the Net.
8:04 of 2nd period - Dillon Heatherington is hit by Jeffrey Viel and loses puck.
8:31 of 2nd period - Snap shot by Brett Seney.
8:31 of 2nd period - Shot Misses the Net.
8:33 of 2nd period - Wrist shot by Brad Richardson.
8:33 of 2nd period - Stopped by Kevin Lankinen without a rebound.
8:34 of 2nd period - Alex Barre-Boulet wins face-off versus Brad Richardson in Hershey Bears zone.
8:38 of 2nd period - Off-side.
8:39 of 2nd period - Alex Barre-Boulet wins face-off versus Jujhar Khaira in neutral zone.
8:52 of 2nd period - Snap shot by Jake Lucchini.
8:52 of 2nd period - Shot Misses the Net.
8:54 of 2nd period - Slapshot by Lassi Thomson.
8:54 of 2nd period - Shot Misses the Net.
9:20 of 2nd period - Snap shot by A.J. Greer.
9:20 of 2nd period - Stopped by Jiri Patera without a rebound.
9:21 of 2nd period - Nikita Alexandrov wins face-off versus Matej Blumel in Marlies zone.
9:32 of 2nd period - Snap shot by Nikita Alexandrov.
9:32 of 2nd period - Shot Misses the Net.
9:34 of 2nd period - Snap shot by Joseph Duszak.
9:34 of 2nd period - Stopped by Kevin Lankinen with a rebound.
9:36 of 2nd period - Wrist shot by Dillon Heatherington.
9:36 of 2nd period - Shot Misses the Net.
9:51 of 2nd period - Wrist shot by Greg McKegg.
9:51 of 2nd period - Shot Misses the Net.
9:53 of 2nd period - Snap shot by Dillon Heatherington.
9:53 of 2nd period - Deflect By Jonah Gadjovich.
9:53 of 2nd period - Shot Blocked by Matej Blumel.
9:53 of 2nd period - Puck is out of play.
9:54 of 2nd period - Jujhar Khaira wins face-off versus Brendan Gaunce in Hershey Bears zone.
10:14 of 2nd period - Jake Lucchini is hit by Jonas Rondbjerg and loses puck.
10:27 of 2nd period - Lukas Reichel is hit by Saku Maenalanen and loses puck.
10:37 of 2nd period - Icing by A.J. Greer.
10:38 of 2nd period - Alex Barre-Boulet wins face-off versus Dominic Toninato in Hershey Bears zone.
10:38 of 2nd period - Alex Barre-Boulet is hit by Jonah Gadjovich.
10:44 of 2nd period - Wrist shot by A.J. Greer.
10:44 of 2nd period - Stopped by Jiri Patera without a rebound.
10:45 of 2nd period - Dominic Toninato wins face-off versus Landon Slaggert in Marlies zone.
10:45 of 2nd period - Dominic Toninato is hit by Brendan Gaunce.
10:51 of 2nd period - Snap shot by Jonas Rondbjerg.
10:51 of 2nd period - Stopped by Jiri Patera without a rebound.
10:52 of 2nd period - Nikita Alexandrov wins face-off versus Brendan Gaunce in Marlies zone.
10:52 of 2nd period - Nikita Alexandrov is hit by Landon Slaggert.
11:18 of 2nd period - Cole McWard is hit by Alec Regula.
11:42 of 2nd period - Snap shot by Dominic Toninato.
11:42 of 2nd period - Shot Misses the Net.
11:48 of 2nd period - Wrist shot by Matej Blumel.
11:48 of 2nd period - Stopped by Jiri Patera with a rebound.
11:50 of 2nd period - Snap shot by Fredrik Olofsson.
11:50 of 2nd period - Shot Misses the Net.
11:52 of 2nd period - Slapshot by Cole McWard.
11:52 of 2nd period - Deflect By Fredrik Olofsson.
11:52 of 2nd period - Stopped by Jiri Patera with a rebound.
11:54 of 2nd period - Snap shot by Kevin Rooney.
11:54 of 2nd period - Shot Misses the Net.
11:56 of 2nd period - Wrist shot by Fredrik Olofsson.
11:56 of 2nd period - Shot Misses the Net.
11:58 of 2nd period - Backhand shot by Vincent Lorio.
11:58 of 2nd period - Stopped by Jiri Patera without a rebound.
11:59 of 2nd period - Nikita Alexandrov wins face-off versus Alex Barre-Boulet in Marlies zone.
11:59 of 2nd period - Nikita Alexandrov is hit by Arber Xhekaj.
12:14 of 2nd period - Slapshot by Dillon Heatherington.
12:14 of 2nd period - Deflect By Arber Xhekaj.
12:14 of 2nd period - Stopped by Kevin Lankinen with a rebound.
12:31 of 2nd period - Landon Slaggert is hit by Jujhar Khaira and loses puck.
12:52 of 2nd period - Snap shot by Gerry Mayhew.
12:52 of 2nd period - Stopped by Jiri Patera with a rebound.
12:54 of 2nd period - Snap shot by Sean Farrell.
12:54 of 2nd period - Shot Misses the Net.
13:07 of 2nd period - Off-side.
13:08 of 2nd period - Alex Barre-Boulet wins face-off versus Nikita Alexandrov in neutral zone.
13:24 of 2nd period - Icing by Martin Frk.
13:25 of 2nd period - Kevin Rooney wins face-off versus Nikita Alexandrov in Marlies zone.
13:26 of 2nd period - Wrist shot by Fredrik Olofsson.
13:26 of 2nd period - Stopped by Jiri Patera with a rebound.
13:35 of 2nd period - Off-side.
13:36 of 2nd period - Alex Barre-Boulet wins face-off versus Jujhar Khaira in neutral zone.
13:49 of 2nd period - Wrist shot by Patrick Brown.
13:49 of 2nd period - Stopped by Kevin Lankinen with a rebound.
13:51 of 2nd period - Slapshot by Lassi Thomson.
13:51 of 2nd period - Deflect By Jake Lucchini.
13:51 of 2nd period - Shot Misses the Net.
13:51 of 2nd period - Puck is out of play.
13:52 of 2nd period - Brendan Gaunce wins face-off versus Dominic Toninato in Hershey Bears zone.
14:44 of 2nd period - Alex Barre-Boulet is hit by Martin Frk and loses puck.
14:49 of 2nd period - Wrist shot by Martin Frk.
14:49 of 2nd period - Stopped by Kevin Lankinen with a rebound.
15:30 of 2nd period - Louis Crevier is hit by Jonah Gadjovich and loses puck.
15:51 of 2nd period - Snap shot by Matej Blumel.
15:51 of 2nd period - Goal by Matej Blumel - Marlies : 0 - Hershey Bears : 2.
15:52 of 2nd period - Alex Barre-Boulet wins face-off versus Nikita Alexandrov in neutral zone.
15:59 of 2nd period - Joseph Duszak is hit by Alex Barre-Boulet and loses puck.
16:06 of 2nd period - Snap shot by Martin Frk.
16:06 of 2nd period - Stopped by Kevin Lankinen with a rebound.
16:08 of 2nd period - Slapshot by Joseph Duszak.
16:08 of 2nd period - Deflect By Saku Maenalanen.
16:08 of 2nd period - Stopped by Kevin Lankinen with a rebound.
16:18 of 2nd period - Joseph Duszak is hit by Vincent Lorio and loses puck.
16:29 of 2nd period - Snap shot by Fredrik Olofsson.
16:29 of 2nd period - Shot Misses the Net.
16:31 of 2nd period - Snap shot by Kevin Rooney.
16:31 of 2nd period - Shot Misses the Net.
17:02 of 2nd period - Greg McKegg is hit by Sean Farrell and loses puck.
17:12 of 2nd period - Wrist shot by Sean Farrell.
17:12 of 2nd period - Shot Blocked by Dillon Heatherington.
17:21 of 2nd period - Joseph Duszak is hit by Louis Crevier and loses puck.
17:30 of 2nd period - Snap shot by Nikita Alexandrov.
17:30 of 2nd period - Shot Blocked by Kaedan Korczak.
17:32 of 2nd period - Wrist shot by Nikita Alexandrov.
17:32 of 2nd period - Stopped by Kevin Lankinen without a rebound.
17:33 of 2nd period - Jujhar Khaira wins face-off versus Kevin Rooney in Hershey Bears zone.
17:34 of 2nd period - Wrist shot by Jake Lucchini.
17:34 of 2nd period - Shot Misses the Net.
17:36 of 2nd period - Minor Penalty to Fredrik Olofsson for High sticking.
17:37 of 2nd period - Nikita Alexandrov wins face-off versus Kevin Rooney in Hershey Bears zone.
19:36 of 2nd period - Penalty to Fredrik Olofsson is over, Fredrik Olofsson is back on ice.
19:44 of 2nd period - Fredrik Olofsson is hit by Martin Frk and loses puck.
19:59 of 2nd period - Wrist shot by Jeffrey Viel.
19:59 of 2nd period - Stopped by Jiri Patera with a rebound.
Goals for this period are 0 for Marlies vs 2 for Hershey Bears.
Shots for this period are 10 for Marlies vs 18 for Hershey Bears.
3rd period
0:01 of 3rd period - Alex Barre-Boulet wins face-off versus Jujhar Khaira in neutral zone.
0:12 of 3rd period - Wrist shot by Jake Lucchini.
0:12 of 3rd period - Shot Misses the Net.
0:14 of 3rd period - Wrist shot by Ronnie Attard.
0:14 of 3rd period - Stopped by Kevin Lankinen with a rebound.
0:16 of 3rd period - Slapshot by Ronnie Attard.
0:16 of 3rd period - Deflect By Jake Lucchini.
0:16 of 3rd period - Stopped by Kevin Lankinen with a rebound.
0:26 of 3rd period - Nikita Alexandrov is hit by Arber Xhekaj and loses puck.
0:46 of 3rd period - Lassi Thomson is hit by Vincent Lorio.
0:55 of 3rd period - Off-side.
0:56 of 3rd period - Jujhar Khaira wins face-off versus Alex Barre-Boulet in neutral zone.
1:07 of 3rd period - Snap shot by Lukas Reichel.
1:07 of 3rd period - Shot Misses the Net.
1:09 of 3rd period - Slapshot by Lukas Reichel.
1:09 of 3rd period - Stopped by Jiri Patera with a rebound.
1:21 of 3rd period - Jujhar Khaira is hit by Brendan Gaunce and loses puck.
1:54 of 3rd period - Wrist shot by Kaedan Korczak.
1:54 of 3rd period - Shot Misses the Net.
2:08 of 3rd period - Brad Richardson is hit by Alex Barre-Boulet and loses puck.
2:24 of 3rd period - Icing by Tommy Miller.
2:25 of 3rd period - Gerry Mayhew wins face-off versus Filip Cederqvist in Marlies zone.
2:53 of 3rd period - Snap shot by Nikita Alexandrov.
2:53 of 3rd period - Shot Blocked by Arber Xhekaj.
2:55 of 3rd period - Slapshot by Saku Maenalanen.
2:55 of 3rd period - Stopped by Kevin Lankinen with a rebound.
3:19 of 3rd period - Wrist shot by Brendan Gaunce.
3:19 of 3rd period - Shot Misses the Net.
3:21 of 3rd period - Snap shot by Jonas Rondbjerg.
3:21 of 3rd period - Shot Misses the Net.
3:23 of 3rd period - Wrist shot by Landon Slaggert.
3:23 of 3rd period - Deflect By Brendan Gaunce.
3:23 of 3rd period - Goal by Brendan Gaunce - Marlies : 0 - Hershey Bears : 3.
3:24 of 3rd period - Lukas Reichel wins face-off versus Nikita Alexandrov in neutral zone.
3:33 of 3rd period - Snap shot by Nikita Alexandrov.
3:33 of 3rd period - Shot Blocked by Cole McWard.
3:35 of 3rd period - Snap shot by Ronnie Attard.
3:35 of 3rd period - Deflect By A.J. Greer.
3:35 of 3rd period - Stopped by Kevin Lankinen with a rebound.
3:37 of 3rd period - Snap shot by Martin Frk.
3:37 of 3rd period - Goal by Martin Frk - Marlies : 1 - Hershey Bears : 3.
3:38 of 3rd period - Kevin Rooney wins face-off versus Jujhar Khaira in neutral zone.
4:26 of 3rd period - Wrist shot by Gerry Mayhew.
4:26 of 3rd period - Deflect By Sean Farrell.
4:26 of 3rd period - Stopped by Jiri Patera with a rebound.
4:47 of 3rd period - Sean Farrell is hit by Brad Richardson and loses puck.
5:30 of 3rd period - Slapshot by Sean Farrell.
5:30 of 3rd period - Stopped by Jiri Patera without a rebound.
5:31 of 3rd period - Alex Barre-Boulet wins face-off versus Nikita Alexandrov in Marlies zone.
5:40 of 3rd period - Snap shot by A.J. Greer.
5:40 of 3rd period - Goal by A.J. Greer - Marlies : 1 - Hershey Bears : 4.
5:41 of 3rd period - Dominic Toninato wins face-off versus Alex Barre-Boulet in neutral zone.
6:15 of 3rd period - Wrist shot by Kevin Rooney.
6:15 of 3rd period - Stopped by Jiri Patera with a rebound.
6:49 of 3rd period - Off-side.
6:50 of 3rd period - Brad Richardson wins face-off versus Alex Barre-Boulet in neutral zone.
7:11 of 3rd period - Slapshot by Filip Cederqvist.
7:11 of 3rd period - Shot Misses the Net.
7:13 of 3rd period - Wrist shot by Brett Seney.
7:13 of 3rd period - Shot Misses the Net.
7:15 of 3rd period - Slapshot by Lassi Thomson.
7:15 of 3rd period - Deflect By Brett Seney.
7:15 of 3rd period - Stopped by Kevin Lankinen without a rebound.
7:16 of 3rd period - Nikita Alexandrov wins face-off versus Kevin Rooney in Hershey Bears zone.
7:17 of 3rd period - Wrist shot by Martin Frk.
7:17 of 3rd period - Shot Misses the Net.
7:19 of 3rd period - Snap shot by Martin Frk.
7:19 of 3rd period - Shot Misses the Net.
7:21 of 3rd period - Snap shot by Lassi Thomson.
7:21 of 3rd period - Stopped by Kevin Lankinen with a rebound.
7:23 of 3rd period - Slapshot by Martin Frk.
7:23 of 3rd period - Stopped by Kevin Lankinen without a rebound.
7:24 of 3rd period - Nikita Alexandrov wins face-off versus Kevin Rooney in Hershey Bears zone.
7:51 of 3rd period - Louis Crevier is hit by Greg McKegg and loses puck.
8:24 of 3rd period - Lukas Reichel is hit by Patrick Brown and loses puck.
8:37 of 3rd period - Slapshot by Arber Xhekaj.
8:37 of 3rd period - Stopped by Jiri Patera without a rebound.
8:38 of 3rd period - Kevin Rooney wins face-off versus Brad Richardson in Marlies zone.
8:55 of 3rd period - Lassi Thomson is hit by Matej Blumel and loses puck.
9:10 of 3rd period - Backhand shot by Filip Cederqvist.
9:10 of 3rd period - Shot Misses the Net.
9:12 of 3rd period - Slapshot by Lassi Thomson.
9:12 of 3rd period - Stopped by Kevin Lankinen with a rebound.
9:14 of 3rd period - Wrist shot by Brett Seney.
9:14 of 3rd period - Stopped by Kevin Lankinen without a rebound.
9:15 of 3rd period - Nikita Alexandrov wins face-off versus Brendan Gaunce in Hershey Bears zone.
10:00 of 3rd period - Icing by Ronnie Attard.
10:01 of 3rd period - Alex Barre-Boulet wins face-off versus Dominic Toninato in Marlies zone.
10:12 of 3rd period - Snap shot by Lukas Reichel.
10:12 of 3rd period - Shot Misses the Net.
10:48 of 3rd period - Minor Penalty to Alec Regula for Roughing.
10:49 of 3rd period - Alex Barre-Boulet wins face-off versus Brad Richardson in Marlies zone.
12:48 of 3rd period - Penalty to Alec Regula is over, Alec Regula is back on ice.
12:53 of 3rd period - Wrist shot by Dominic Toninato.
12:53 of 3rd period - Stopped by Kevin Lankinen with a rebound.
13:46 of 3rd period - Icing by Brett Seney.
13:47 of 3rd period - Kevin Rooney wins face-off versus Dominic Toninato in Marlies zone.
13:50 of 3rd period - Wrist shot by Fredrik Olofsson.
13:50 of 3rd period - Stopped by Jiri Patera with a rebound.
13:58 of 3rd period - Kevin Rooney is hit by Greg McKegg and loses puck.
14:22 of 3rd period - Off-side.
14:23 of 3rd period - Alex Barre-Boulet wins face-off versus Nikita Alexandrov in neutral zone.
15:15 of 3rd period - Off-side.
15:16 of 3rd period - Alex Barre-Boulet wins face-off versus Dominic Toninato in neutral zone.
15:19 of 3rd period - Slapshot by Michael Kesselring.
15:19 of 3rd period - Stopped by Jiri Patera without a rebound.
15:20 of 3rd period - Alex Barre-Boulet wins face-off versus Jujhar Khaira in Marlies zone.
15:33 of 3rd period - Slapshot by Arber Xhekaj.
15:33 of 3rd period - Shot Blocked by Joseph Duszak.
15:57 of 3rd period - Snap shot by Jake Lucchini.
15:57 of 3rd period - Stopped by Kevin Lankinen without a rebound.
15:58 of 3rd period - Nikita Alexandrov wins face-off versus Alex Barre-Boulet in Hershey Bears zone.
16:23 of 3rd period - Filip Cederqvist is hit by Landon Slaggert and loses puck.
16:30 of 3rd period - Wrist shot by Jonas Rondbjerg.
16:30 of 3rd period - Stopped by Jiri Patera without a rebound.
16:31 of 3rd period - Brendan Gaunce wins face-off versus Jujhar Khaira in Marlies zone.
16:32 of 3rd period - Snap shot by Jonas Rondbjerg.
16:32 of 3rd period - Shot Misses the Net.
17:22 of 3rd period - Snap shot by Jonah Gadjovich.
17:22 of 3rd period - Shot Blocked by Sean Farrell.
18:00 of 3rd period - Snap shot by Patrick Brown.
18:00 of 3rd period - Stopped by Kevin Lankinen with a rebound.
18:02 of 3rd period - Snap shot by Jujhar Khaira.
18:02 of 3rd period - Shot Misses the Net.
18:04 of 3rd period - Wrist shot by Jujhar Khaira.
18:04 of 3rd period - Stopped by Kevin Lankinen without a rebound.
18:05 of 3rd period - Jonas Rondbjerg wins face-off versus Nikita Alexandrov in Hershey Bears zone.
18:20 of 3rd period - Snap shot by Martin Frk.
18:20 of 3rd period - Shot Blocked by Kaedan Korczak.
18:38 of 3rd period - Slapshot by Greg McKegg.
18:38 of 3rd period - Shot Blocked by Landon Slaggert.
18:57 of 3rd period - Snap shot by Lukas Reichel.
18:57 of 3rd period - Stopped by Jiri Patera with a rebound.
18:59 of 3rd period - Slapshot by Louis Crevier.
18:59 of 3rd period - Shot Misses the Net.
19:01 of 3rd period - Slapshot by A.J. Greer.
19:01 of 3rd period - Shot Misses the Net.
19:03 of 3rd period - Slapshot by Kaedan Korczak.
19:03 of 3rd period - Deflect By Patrick Brown.
19:03 of 3rd period - Stopped by Jiri Patera with a rebound.
19:21 of 3rd period - Slapshot by Tommy Miller.
19:21 of 3rd period - Stopped by Kevin Lankinen without a rebound.
19:22 of 3rd period - Matej Blumel wins face-off versus Martin Frk in Hershey Bears zone.
19:24 of 3rd period - Minor Penalty to Arber Xhekaj for High sticking.
19:25 of 3rd period - Nikita Alexandrov wins face-off versus Kevin Rooney in Hershey Bears zone.
Goals for this period are 1 for Marlies vs 2 for Hershey Bears.
Shots for this period are 15 for Marlies vs 12 for Hershey Bears.